 Dungeon Crawl Stone Soup version 0.28-a0-850-g09de17f5b5 (webtiles) character file.

Game seed: 11658727683953973795

57497 Crownlay the Eclecticist (level 14, 0/88 HPs)
             Began as a Gargoyle Earth Elementalist on Nov 13, 2021.
             Was a High Priest of Vehumet.
             Slain by a two-headed ogre (2 damage)
             ... while paralysed by an ogre mage
             ... on level 2 of the Orcish Mines.
             The game lasted 00:51:07 (27498 turns).

Crownlay the Eclecticist (GrEE)                    Turns: 27498, Time: 00:51:07

Health: 0/88       AC: 20    Str: 12    XL:     14   Next: 86%
Magic:  40/42      EV:  2    Int: 21    God:    Vehumet [*****.]
Gold:   1613       SH:  0    Dex: 10    Spells: 15/43 levels left

rFire   . . .      SeeInvis .   b - staff of air
rCold   . . .      Faith    .   (no shield)
rNeg    + + .      Spirit   .   o - +2 robe {rN+}
rPois   ∞          Reflect  +   F - +2 hat {Stlth+}
rElec   +          Harm     .   (no cloak)
rCorr   +          Rampage  .   H - +0 pair of gloves
Will    +....                   h - +2 pair of boots
Stlth   +++.......              e - amulet of reflection
HPRegen 0.24/turn               O - ring of magical power
MPRegen 0.28/turn               E - ring of resist corrosion

@: paralysed, flying
A: sickness immunity, AC +10, big wings, negative energy resistance 1,
electricity resistance, torment resistance 1, petrification resistance
a: Renounce Religion


You were on level 2 of the Orcish Mines.
You worshipped Vehumet.
Vehumet was extremely pleased with you.
You visited 4 branches of the dungeon, and saw 19 of its levels.
You also visited: Ossuary.

You collected 1613 gold pieces.

Inventory:

Missiles
 x - 8 throwing nets
 y - a silver boomerang
Armour
 c - a +0 scale mail
 h - a +2 pair of boots (worn)
 o - a +2 robe of positive energy (worn)
 F - a +2 hat of stealth (worn)
 H - a +0 pair of gloves (worn)
Magical Staves
 b - a staff of air (weapon)
 M - a staff of cold
Jewellery
 e - an amulet of reflection (around neck)
 k - a ring of ice
 E - a ring of resist corrosion (right hand)
 O - a ring of magical power (left hand)
Wands
 p - a wand of digging (13)
 q - a wand of iceblast (4)
 u - a wand of acid (13)
 B - a wand of polymorph (11)
 D - a wand of flame (17)
 I - a wand of paralysis (3)
 K - a wand of mindburst (6)
Scrolls
 a - 4 scrolls of fear
 d - 3 scrolls of noise
 g - 4 scrolls of enchant armour
 j - a scroll of fog
 r - 3 scrolls of teleportation
 t - a scroll of identify
 C - 2 scrolls of magic mapping
 G - a scroll of blinking
Potions
 f - 9 potions of heal wounds
 i - 4 potions of mutation
 l - 3 potions of haste
 m - 2 potions of flight
 n - 2 potions of resistance
 s - 2 potions of might {unknown}
 v - 5 potions of curing
 w - a potion of cancellation {unknown}
 z - a potion of degeneration {unknown}
 A - 2 potions of brilliance
 J - 2 potions of lignification
 N - a potion of magic {unknown}
Miscellaneous
 L - a phial of floods


   Skills:
 - Level 10.0 Fighting
 - Level 1.5 Dodging
 - Level 2.1 Stealth
 - Level 15.0 Spellcasting
 - Level 12.0 Conjurations
 + Level 4.8 Summonings
 - Level 1.1 Necromancy
 - Level 0.7 Transmutations
 - Level 6.1 Air Magic
 - Level 12.1 Earth Magic
 - Level 5.0 Evocations


You had 15 spell levels left.
You knew the following spells:

 Your Spells              Type           Power      Damage    Failure   Level
a - Sandblast             Erth           100%       2d20      1%          1
b - Stone Arrow           Conj/Erth      100%       3d13      1%          3
c - Passwall              Tmut/Erth      35%        N/A       1%          2
d - Airstrike             Air            29%        N/A       1%          4
e - Dispel Undead         Necr           20%        3d11      24%         4
f - Orb of Destruction    Conj           30%        9d11      7%          7
g - Spellforged Servitor  Conj/Summ      25%        N/A       26%         7

Your spell library contained the following spells:

 Spells                   Type           Power      Damage    Failure   Level
 Eringya's Noxious Bog    Tmut/Pois      8%         N/A       75%         6
 Foxfire                  Conj/Fire      100%       2x1d9     1%          1
 Freeze                   Ice            60%        1d8       1%          1
 Shock                    Conj/Air       100%       1d9       1%          1
 Summon Small Mammal      Summ           100%       N/A       1%          1
 Poisonous Vapours        Pois/Air       84%        N/A       1%          2
 Static Discharge         Conj/Air       69%        N/A       1%          2
 Swiftness                Air            58%        N/A       1%          3
 Hailstorm                Conj/Ice       40%        3d10      1%          4
 Sticky Flame             Conj/Fire      40%        2d6       1%          4
 Iskenderun's Battlesphe  Conj           60%        2d11      1%          5
 Iron Shot                Conj/Erth      30%        9d6       1%          6
 Animate Skeleton         Necr           40%        N/A       2%          1
 Petrify                  Tmut/Erth      42%        N/A       2%          4
 Apportation              Tloc           30%        N/A       3%          1
 Slow                     Hex            60%        N/A       3%          1
 Sting                    Tmut/Pois      68%        1d6       3%          1
 Frozen Ramparts          Ice            30%        1d5       3%          3
 Conjure Ball Lightning   Conj/Air       34%        3x3d11    4%          6
 Ensorcelled Hibernation  Hex/Ice        30%        N/A       6%          2
 Spider Form              Tmut/Pois      17%        N/A       10%         3
 Olgreb's Toxic Radiance  Pois           15%        N/A       11%         4
 Confusing Touch          Hex            15%        N/A       12%         3
 Portal Projectile        Hex/Tloc       30%        N/A       12%         3
 Yara's Violent Unravell  Hex/Tmut       8%         3d5       24%         5
 Ice Form                 Ice/Tmut       17%        N/A       32%         4
 Simulacrum               Ice/Necr       9%         N/A       99%         6


Dungeon Overview and Level Annotations

Branches:
Dungeon (10/15)            Temple (1/1) D:7            Lair (6/6) D:8
 Shoals (0/4) Lair:2       Spider (0/4) Lair:3        Slime (0/5) Lair:6
    Orc (2/2) D:10        Ossuary (visited)
    Elf: Orc:2

Altars:
Cheibriados
Dithmenos
Elyvilon
Fedhas
Gozag
Hepliaklqana
Kikubaaqudgha
Makhleb
Okawaru
Qazlal
Ru
Sif Muna
Trog
Uskayaw
Vehumet
Wu Jian
Yredelemnul
Zin
The Shining One
Beogh

Shops:
D:3 (   D:5 =

Portals:
Abyss: Lair:2

Annotations:
Lair:2 2 transporters, Jade's ghost, journeyman GrEE
Orc:2 Maurice


Innate Abilities, Weirdness & Mutations

You are immune to sickness and miasma.
Your stone body is resilient. (AC +10)
You are immune to poison.
Your large and strong wings let you fly.
You resist negative energy. (rN+)
You are resistant to electric shocks. (rElec)
You are resistant to unholy torment.
You are immune to petrification.


Message History

You see here a +0 giant club.
There is a stone staircase leading down here.
You fly downwards.
Level annotation: Maurice The ogre shouts!
Maurice shouts!
The two-headed ogre shouts in stereo!
You hear two shouts! x2
There is a stone staircase leading up here.
The stone arrow hits the ogre!!
The ogre is severely wounded.
The ogre shouts!
You hear a shout! x2
The ogre mage points at you and mumbles some strange words.
You suddenly lose the ability to move!
The ogre hits you with a +0 giant club!
Maurice casts a spell.
Maurice flickers and vanishes!
Deactivating autopickup; reactivate with Ctrl-A.
The ogre mage casts a spell at you. You resist with some effort.
A two-headed ogre comes into view.
It is wielding a +0 giant club and a +0 giant spiked club.
The two-headed ogre shouts in stereo!
The ogre hits you with a +0 giant club! The orc hits you but does no damage.
The two-headed ogre hits you with a +0 giant club!
The two-headed ogre hits you but does no damage.
The ogre hits you but does no damage. The orc hits you but does no damage.
The ogre hits you with a +0 giant spiked club!
The two-headed ogre hits you with a +0 giant club!
The two-headed ogre hits you with a +0 giant club.
The orc hits you but does no damage. The ogre hits you with a +0 giant club.
The two-headed ogre hits you but does no damage.
The two-headed ogre hits you with a +0 giant club!
* * * LOW HITPOINT WARNING * * *
An ogre mage comes into view. It is wielding a +0 whip.
An ogre comes into view. It is wielding a +0 giant spiked club.
The orc hits you but does no damage.
The ogre hits you with a +0 giant spiked club!
* * * LOW HITPOINT WARNING * * *
An ogre mage comes into view. It is wielding a +0 whip.
The two-headed ogre hits you with a +0 giant club.
* * * LOW HITPOINT WARNING * * *
The two-headed ogre hits you with a +0 giant club.
You die...

.... #.##... O..
...#...
#..#.......
#..........
##..O....#.#
####.........#.
O...).OOO......
......$@O......
.....OoO.......
.....o.........
............##.
O............#
..............#
......O.......##
.O.............#
......)......#.


You could see 5 two-headed ogres, 3 ogre magi, an orc warrior, 4 ogres and an
orc.

Vanquished Creatures
  Gastronok (Lair:1)
  5 hydras
  Harold (Lair:1)
  5 two-headed ogres
  An ogre mage (Orc:2)
  A merfolk avatar (Lair:6)
  11 death yaks
  Nergalle (Orc:1)
  Sonja (Orc:2)
  2 orc knights
  4 harpies (Lair:6)
  A cyclops (Orc:2)
  2 orc sorcerers
  5 elephants
  4 torpor snails
  12 cane toads
  2 rime drakes (Lair:3)
  5 black mambas
  8 komodo dragons
  A jumping spider (Lair:3)
  8 polar bears
  2 trolls
  2 wind drakes (Lair:6)
  2 hornets
  26 blink frogs
  2 snapping turtles (Lair:6)
  4 dream sheep (Lair:4)
  52 yaks
  4 fire bats (Orc:1)
  4 steam dragons
  2 wyverns
  A vampire (D:9)
  A fire elemental (Orc:1)
  3 basilisks
  2 wargs
  2 acid dragons
  10 water moccasins
  2 ice beasts
  A sky beast (D:6)
  7 orc warriors
  2 necrophages
  8 wolves
  12 ogres
  3 centaurs
  3 kobold brigands
  A phantom (D:5)
  A gnoll sergeant (D:7)
  9 bullfrogs
  A wyvern zombie (D:8)
  2 scorpions
  A wyvern skeleton (D:7)
  13 killer bees
  4 howler monkeys
  10 wights
  3 electric eels (Lair:2)
  14 jellies
  6 centaur zombies
  2 hounds
  7 orc priests
  2 centaur skeletons
  A bullfrog skeleton (D:4)
  2 iguanas
  6 orc wizards
  9 hell rats
  2 killer bee zombies
  2 hound skeletons (D:4)
  3 mummies
  8 gnolls
  9 river rats (Lair:1)
  6 adders
  A white imp (D:6)
  2 ufetubi
  A worm (D:3)
  3 dart slugs
  35 orcs
  6 spectral bats (Ossuary)
  2 ball pythons (D:2)
  15 endoplasms
  3 giant cockroaches
  12 gnoll zombies (Ossuary)
  5 goblins
  6 hobgoblins
  16 jackals
  5 quokkas
  5 bats
  2 bat simulacra (Ossuary)
  2 frilled lizards
  3 goblin simulacra (Ossuary)
  A goblin zombie (Ossuary)
  5 hobgoblin zombies (Ossuary)
  A jackal skeleton (D:4)
  24 kobolds
  7 kobold simulacra (Ossuary)
  6 kobold zombies (Ossuary)
  6 orc zombies (Ossuary)
  7 rats
  3 rat simulacra (Ossuary)
  A spectral hobgoblin (D:1)
  3 spectral kobolds (Ossuary)
  4 spectral rats (Ossuary)
554 creatures vanquished.

Vanquished Creatures (others)
  A bush (Lair:6)
  45 fungi
  97 plants
143 creatures vanquished.

Grand Total: 697 creatures vanquished

Notes
Turn   | Place    | Note
-------+----------+-------------------------------------------
     0 | D:1      | Crownlay the Gargoyle Earth Elementalist began the quest
                  | for the Orb.
     0 | D:1      | Reached XP level 1. HP: 10/10 MP: 3/3
    70 | D:1      | Reached XP level 2. HP: 3/15 MP: 0/5
   519 | D:1      | Reached XP level 3. HP: 19/19 MP: 5/7
   523 | D:1      | Learned a level 3 spell: Stone Arrow
   539 | D:1      | Found a faded altar of an unknown god.
   801 | D:1      | Reached skill level 3 in Spellcasting
  2113 | D:2      | Reached XP level 4. HP: 22/24 MP: 9/9
  2139 | D:2      | Found a shimmering blue altar of Sif Muna.
  3028 | D:3      | Found Emivvokk's Weapon Boutique.
  3380 | D:3      | Reached skill level 4 in Spellcasting
  3461 | D:3      | Reached XP level 5. HP: 28/28 MP: 11/11
  3610 | D:3      | Found a snail-covered altar of Cheibriados.
  3811 | D:4      | Reached skill level 5 in Earth Magic
  3883 | D:4      | Reached XP level 6. HP: 30/32 MP: 11/13
  4055 | D:4      | Reached skill level 5 in Spellcasting
  4852 | D:5      | Entered Level 5 of the Dungeon
  4859 | D:5      | Reached XP level 7. HP: 33/36 MP: 7/15
  5042 | D:5      | Reached skill level 6 in Spellcasting
  5109 | D:5      | Noticed a steam dragon
  5117 | D:5      | Killed a steam dragon
  5214 | D:5      | Reached XP level 8. HP: 27/41 MP: 7/18
  5397 | D:5      | Found Weukka's Jewellery Emporium.
  5458 | D:5      | Found an ancient bone altar of Kikubaaqudgha.
  5522 | D:5      | Reached skill level 7 in Spellcasting
  6464 | D:6      | Reached skill level 8 in Spellcasting
  6543 | D:6      | Found a sand-covered staircase.
  6556 | Ossuary  | Entered an ossuary
  7326 | D:6      | Reached XP level 9. HP: 30/45 MP: 21/21
  7990 | D:7      | Reached skill level 9 in Spellcasting
  8043 | D:7      | Found a staircase to the Ecumenical Temple.
  8081 | Temple   | Entered the Ecumenical Temple
  8161 | Temple   | Became a worshipper of Vehumet
  8732 | D:7      | Found a stormy altar of Qazlal.
  9222 | D:8      | Reached skill level 10 in Spellcasting
  9376 | D:8      | Found a white marble altar of Elyvilon.
  9587 | D:8      | Reached skill level 10 in Earth Magic
  9609 | D:8      | Learned a level 2 spell: Passwall
  9832 | D:8      | Found a staircase to the Lair.
  9970 | D:8      | Reached XP level 10. HP: 47/50 MP: 11/24
 10143 | D:8      | Reached * piety under Vehumet
 10143 | D:8      | Offered knowledge of Foxfire by Vehumet.
 10943 | D:9      | Reached skill level 11 in Spellcasting
 11413 | D:9      | Noticed a two-headed ogre
 11420 | D:9      | Killed a two-headed ogre
 11623 | D:9      | Found a basalt altar of Yredelemnul.
 11625 | D:9      | Found a shadowy altar of Dithmenos.
 11629 | D:9      | Found a bloodstained altar of Trog.
 11641 | D:9      | Found a hazy altar of Hepliaklqana.
 11641 | D:9      | Found an iron altar of Okawaru.
 11644 | D:9      | Found a glowing golden altar of the Shining One.
 11645 | D:9      | Found a blossoming altar of Fedhas.
 11646 | D:9      | Found a hide-covered altar of Uskayaw.
 11682 | D:9      | Noticed a two-headed ogre
 11689 | D:9      | Killed a two-headed ogre
 11690 | D:9      | Reached skill level 12 in Spellcasting
 12085 | D:10     | Entered Level 10 of the Dungeon
 12104 | D:10     | Reached skill level 1 in Fighting
 12245 | D:10     | Found an ornate altar of the Wu Jian Council.
 12529 | D:10     | Offered knowledge of Static Discharge by Vehumet.
 12692 | D:10     | Reached ** piety under Vehumet
 12694 | D:10     | Reached skill level 5 in Conjurations
 12694 | D:10     | Reached XP level 11. HP: 56/57 MP: 9/27
 12797 | D:10     | Found a staircase to the Orcish Mines.
 13638 | Lair:1   | Entered Level 1 of the Lair of Beasts
 14053 | Lair:1   | Noticed Gastronok
 14455 | Lair:1   | Noticed Harold
 14465 | Lair:1   | Killed Harold
 14606 | Lair:1   | Killed Gastronok
 15165 | Lair:2   | Found a transporter.
 15212 | Lair:2   | Noticed a rakshasa
 15215 | Lair:2   | Noticed a cacodemon
 15220 | Lair:2   | Noticed a spriggan rider
 15227 | Lair:2   | Offered knowledge of Conjure Flame by Vehumet.
 15286 | Lair:2   | Reached XP level 12. HP: 43/72 MP: 23/28
 15634 | Lair:2   | Reached *** piety under Vehumet
 15773 | Lair:2   | Found a staircase to the Shoals.
 15998 | Lair:2   | Found a transporter.
 16002 | Lair:2   | Found a one-way gate to the infinite horrors of the Abyss.
 16002 | Lair:2   | Noticed Jade's ghost (journeyman GrEE)
 16364 | Lair:2   | Reached skill level 13 in Spellcasting
 16549 | Lair:3   | Found a hole to the Spider Nest.
 17045 | Lair:3   | Offered knowledge of Airstrike by Vehumet.
 17057 | Lair:3   | Learned a level 4 spell: Airstrike
 17427 | Lair:3   | Noticed an eight-headed hydra
 17430 | Lair:3   | Reached skill level 1 in Air Magic
 17435 | Lair:3   | Killed an eight-headed hydra
 18083 | Lair:3   | Reached skill level 14 in Spellcasting
 18646 | Lair:4   | Reached **** piety under Vehumet
 18828 | Lair:4   | Offered knowledge of Inner Flame by Vehumet.
 18829 | Lair:4   | Reached XP level 13. HP: 80/80 MP: 15/31
 19016 | Lair:4   | Reached skill level 5 in Air Magic
 19079 | Lair:4   | Reached skill level 10 in Fighting
 20021 | Lair:5   | Reached skill level 1 in Evocations
 20712 | Lair:5   | Reached ***** piety under Vehumet
 20714 | Lair:5   | Offered knowledge of Conjure Ball Lightning by Vehumet.
 20726 | Lair:5   | HP: 4/82 [yak (8)]
 20995 | Lair:5   | Found the +14 obsidian axe {vorpal, Mesm Drain Fly SInv}
 21065 | Lair:5   | Learned a level 4 spell: Dispel Undead
 21263 | Lair:5   | Identified a scroll of acquirement
 21264 | Lair:5   | Acquired the Incunabulum of Quantum Conjuration
 21276 | Lair:5   | Learned a level 7 spell: Orb of Destruction
 21679 | Lair:6   | Entered Level 6 of the Lair of Beasts
 21738 | Lair:6   | Reached skill level 1 in Necromancy
 22382 | Lair:6   | Gained mutation: Your large and strong wings let you fly.
                  | [Gargoyle growth]
 22382 | Lair:6   | Reached XP level 14. HP: 88/88 MP: 11/32
 22444 | Lair:6   | Reached skill level 15 in Spellcasting
 23053 | Lair:6   | Reached skill level 5 in Evocations
 23311 | Lair:6   | Reached skill level 1 in Summonings
 23876 | Lair:6   | Reached skill level 10 in Conjurations
 23950 | Lair:6   | Found a staircase to the Slime Pits.
 25270 | Orc:1    | Entered Level 1 of the Orcish Mines
 25301 | Orc:1    | Noticed Nergalle
 25309 | Orc:1    | Killed Nergalle
 25410 | Orc:1    | Learned a level 7 spell: Spellforged Servitor
 26384 | Orc:2    | Entered Level 2 of the Orcish Mines
 26384 | Orc:2    | Noticed Sonja
 26386 | Orc:2    | Offered knowledge of Eringya's Noxious Bog by Vehumet.
 26387 | Orc:2    | Killed Sonja
 27026 | Orc:2    | Noticed Maurice
 27493 | Orc:2    | Paralysed by an ogre mage for 6 turns
 27498 | Orc:2    | HP: 2/88 [two-headed ogre (5)]
 27498 | Orc:2    | Slain by a two-headed ogre

Illustrated notes

Levels and vault maps discovered:
D:1:      amcnicky_arrival_wind_blow, layout_loops_ring,
          dreamdust_ecumenical_altar_drowned_temple
D:2:      cheibrodos_old_hovel, layout_loops_corners, basic_altar, st_stairs_11
D:3:      layout_rooms, chei_slow_surprise, serial_shops, shop_statue
D:4:      layout_cave_pools
D:5:      layout_basic, mainiacjoe_overflow_24_doors, serial_rivers,
          chequers_serial_rivers_large_b, chequers_serial_rivers_marsh,
          chequers_serial_rivers_micro_b, chequers_serial_rivers_micro_a,
          chequers_serial_rivers_room_a, serial_shops, nicolae_square_shop
D:6:      layout_loops_ring, enter_ossuary_1, amcnicky_mini_corridor_feature
D:7:      layout_loops_cross, mainiacjoe_overflow_surrounded_room,
          minmay_temple_entry_butterflies
D:8:      layout_gridville, lemuel_round_altar, lair_entry_dummy, serial_undead,
          serial_undead_d, serial_undead_b, serial_undead_b, serial_undead_d,
          serial_undead_c, serial_undead_a
D:9:      layout_stronghold, minitemple
D:10:     layout_basic, nzn_wu_jian_contemplation, david_orc_1_choice
Temple:   nicolae_temple_figure_zero
Lair:1:   layout_roguey, kennysheep_rathole, lemuel_fruit_fields,
          grunt_megastairs_1, lemuel_fruit_tree, lemuel_fruit_fields,
          uniq_gastronok, uniq_harold
Lair:2:   layout_regular_city, elwin_shoals_entry_rooms,
          gammafunk_ghost_abyssal_escape, serial_bayou_shore_a
Lair:3:   layout_layer_cave, spider_nest_entry_rubble
Lair:4:   layout_roguey
Lair:5:   layout_roguey, wad_woods_road_02, dreamdust_deal_with_the_devil,
          grunt_forest_small_clearing_treed
Lair:6:   gammafunk_lair_ancient_temple, layout_regular_city,
          minmay_slime_entry_jelly_boxes
Orc:1:    layout_caves, basic_altar, nicolae_orc_lava_tube,
          nicolae_orc_bridge_out, uniq_nergalle
Orc:2:    st_orc_ogre_mass, layout_caves, uniq_donald, uniq_maurice, uniq_sonja

Skill      XL: |  1  2  3  4  5  6  7  8  9 10 11 12 13 14 |
---------------+-------------------------------------------+-----
Earth Magic    | 4 5 6 7 8 10 12 | 12.1
Spellcasting   | 3 4 5 6 8 10 12 14 15 | 15.0
Conjurations   | 5 8 12 | 12.0
Fighting       | 2 7 9 10 | 10.0
Air Magic      | 4 6 |  6.1
Evocations     | 3 5 |  5.0
Necromancy     | 1 |  1.1
Summonings     | 4 |  4.8
Dodging        | |  1.5
Stealth        | |  2.1
Transmutations | |  0.7

Action                   |  1- 3 |  4- 6 |  7- 9 | 10-12 | 13-15 || total
-------------------------+-------+-------+-------+-------+-------++-------
Melee: Dagger            |   108 |   178 |   392 |     1 |       ||   679
       Unarmed           |     1 |       |       |       |       ||     1
       Staff             |       |       |       |       |    93 ||    93
 Cast: Sandblast         |    34 |     9 |   123 |   218 |   159 ||   543
       Stone Arrow       |       |     1 |    44 |   157 |   278 ||   480
       Airstrike         |       |       |       |    28 |    26 ||    54
       Orb of Destructio |       |       |       |       |    14 ||    14
Evoke: Wand              |       |       |       |     5 |     6 ||    11
  Use: Scroll            |       |     1 |     7 |     9 |     6 ||    23
       Potion            |       |       |       |       |     1 ||     1
 Stab: Sleeping          |     4 |     7 |     7 |       |       ||    18
       Paralysed         |       |       |       |       |     8 ||     8
Armor: Robe              |    53 |    76 |   211 |    91 |   176 ||   607
Dodge: Dodged            |    82 |   122 |   286 |   104 |   136 ||   730
Block: Other             |       |    23 |   105 |    37 |    61 ||   226
       Reflection        |       |       |     3 |     1 |     3 ||     7

Table legend: (Time is in decaauts)
 A = Elapsed time spent in this place.
 B = Non-inter-level travel time spent in this place.
 C = Inter-level travel time spent in this place.
 D = Time resting spent in this place.
 E = Time spent auto-exploring this place.
 F = Levels seen in this place.
 G = Mean time per level.
                   A        B        C        D        E       F      G
               +--------+--------+--------+--------+--------+-----+--------+
         Total |  27605 |  26686 |    919 |   1519 |  20404 |  20 | 1380.2 |
       Dungeon |  12919 |  12509 |    410 |    113 |  10496 |  10 | 1291.9 |
        Temple |     93 |     80 |     13 |      0 |     74 |   1 |   93.0 |
          Lair |  11593 |  11259 |    334 |   1267 |   7845 |   6 | 1932.2 |
  Orcish Mines |   2236 |   2075 |    161 |    139 |   1581 |   2 | 1118.0 |
       Ossuary |    762 |    762 |      0 |      0 |    408 |   1 |  762.0 |
               +--------+--------+--------+--------+--------+-----+--------+

Top non-repeatable levels by time:
  Lair:6: 2938 daAuts
  Lair:5: 2538 daAuts
   Orc:1: 2168 daAuts
  Lair:3: 2088 daAuts
     D:9: 1765 daAuts
  Lair:1: 1538 daAuts
     D:2: 1481 daAuts
     D:8: 1440 daAuts
    D:10: 1437 daAuts
     D:1: 1408 daAuts
  Lair:2: 1372 daAuts
     D:7: 1272 daAuts
     D:5: 1255 daAuts
     D:4: 1221 daAuts
  Lair:4: 1116 daAuts
